 Dungeon Crawl Stone Soup version 0.26.0-18-gc5c842f807 (webtiles) character file.

Game seed: 15856699748789342541

228376 Kejsarherre the Warrior (level 19, -2/284 HPs)
             Began as an Ogre Chaos Knight on Jan 23, 2021.
             Was a Plaything of Xom.
             Killed by the raging water
             ... invoked by a water nymph
              (15 damage)
             ... on level 4 of the Shoals.
             The game lasted 02:39:13 (32010 turns).

Kejsarherre the Warrior (Ogre Chaos Knight)        Turns: 32010, Time: 02:39:14

Health: -2/284     AC: 31    Str: 21    XL:     19   Next: 41%
Magic:  34/34      EV: 13    Int: 32    God:    Xom [....*.]
Gold:   2957       SH:  0    Dex:  4    Spells: 29/40 levels left

rFire    . . .     SeeInvis +   o - +9 giant spiked club
rCold    . . .     Faith    .   (shield currently unavailable)
rNeg     + . .     Spirit   .   (armour currently unavailable)
rPois    ∞         Reflect  .   E - +2 hat {Int+3}
rElec    +         Harm     .   j - +0 cloak
rCorr    .         Rampage  .   (gloves unavailable)
Will     ++...                  (boots unavailable)
Stlth    ++........             v - amulet of regeneration
HPRegen  0.97/turn              P - ring "Rinizus" {Int+6 Dex-4 Slay+4 Stlth+}
MPRegen  0.24/turn              e - ring of willpower

@: about to teleport, statue-form, mesmerised, very slow
A: large, unfitting armour, claws 1, talons 2, repulsion field 1, see invisible,
clever 2, deformed body, evolution 1, MP-powered wands
}: 1/15 runes: serpentine
a: End Transformation, Renounce Religion


You were on level 4 of the Shoals.
You worshipped Xom.
You were a beloved toy of Xom.
You were a stone statue.
You visited 5 branches of the dungeon, and saw 31 of its levels.
You also visited: Ice Cave and Volcano.

You collected 5044 gold pieces.
You spent 2087 gold pieces at shops.

Inventory:

Hand Weapons
 o - a +9 giant spiked club (weapon)
Missiles
 I - 18 large rocks (quivered)
Armour
 j - a +0 cloak (worn)
 m - a +2 kite shield
 B - a +0 troll leather armour (melded)
 E - a +2 hat of intelligence (worn)
Jewellery
 e - a ring of willpower (right claw)
 t - a +6 ring of dexterity
 u - an uncursed ring of ice
 v - an amulet of regeneration (around neck)
 w - an uncursed ring of flight
 x - an uncursed ring of positive energy
 G - a +4 ring of evasion
 K - a +6 ring of strength
 L - an uncursed ring of wizardry
 P - the ring "Rinizus" (left claw) {Int+6 Dex-4 Slay+4 Stlth+}
   (You bought it in a shop on level 2 of the Snake Pit)

   [ring of slaying]

   It affects your intelligence (+6).
   It affects your dexterity (-4).
   It affects your accuracy and damage with ranged weapons and melee attacks
   (+4).
   It makes you more stealthy.
 Q - an uncursed ring of resist corrosion
Wands
 a - a wand of flame (65)
 b - a wand of iceblast (38)
 f - a wand of random effects (38)
 h - a wand of acid (19)
 k - a wand of disintegration (69)
 s - a wand of paralysis (26)
 y - a wand of polymorph (22)
 C - a wand of enslavement (7)
 H - a wand of digging (2)
Scrolls
 d - 15 scrolls of identify
 n - 17 scrolls of teleportation
 p - 16 scrolls of remove curse
 r - 5 scrolls of immolation
 z - 5 scrolls of amnesia
 A - 4 scrolls of magic mapping
 J - 6 scrolls of enchant weapon
 N - a scroll of enchant armour
 R - a scroll of holy word
 S - a scroll of fear
Potions
 c - 3 potions of invisibility
 g - 5 potions of lignification
 i - a potion of curing
 l - a potion of brilliance
 D - 2 potions of might
 F - 2 potions of mutation
 M - 3 potions of attraction
 O - 7 potions of flight
Miscellaneous
 q - a condenser vane (inert)


   Skills:
 - Level 20.0 Fighting
 + Level 18.0 Maces & Flails
 - Level 9.0 Dodging
 - Level 9.0 Shields
 - Level 11.0 Spellcasting
 - Level 10.0 Transmutations
 - Level 10.0 Earth Magic
 - Level 3.0 Poison Magic
 - Level 5.0 Evocations


You had 29 spell levels left.
You knew the following spells:

 Your Spells              Type           Power        Failure   Level
a - Blink                 Tloc           N/A          4%          2
b - Ignite Poison         Fire/Tmut/Pois 45%          1%          3
c - Statue Form           Tmut/Erth      46%          7%          6

Your spell library contained the following spells:

 Spells                   Type           Power        Failure   Level
 Beastly Appendage        Tmut           100%         1%          1
 Sting                    Tmut/Pois      100%         1%          1
 Wereblood                Tmut           69%          1%          2
 Spider Form              Tmut/Pois      28%          1%          3
 Petrify                  Tmut/Erth      69%          1%          4
 Blade Hands              Tmut           34%          1%          5
 Animate Skeleton         Necr           34%          2%          1
 Apportation              Tloc           34%          2%          1
 Foxfire                  Conj/Fire      68%          2%          1
 Magic Dart               Conj           68%          2%          1
 Pain                     Necr           68%          2%          1
 Shock                    Conj/Air       68%          2%          1
 Poisonous Vapours        Pois/Air       54%          2%          2
 Ice Form                 Ice/Tmut       49%          3%          4
 Call Imp                 Summ           17%          4%          2
 Searing Ray              Conj           34%          4%          2
 Slow                     Hex            17%          4%          2
 Swiftness                Air            17%          4%          2
 Mephitic Cloud           Conj/Pois/Air  24%          5%          3
 Alistair's Intoxication  Tmut/Pois      37%          5%          5
 Hydra Form               Tmut           34%          7%          6
 Olgreb's Toxic Radiance  Pois           36%          8%          4
 Confusing Touch          Hex            17%          9%          3
 Conjure Flame            Conj/Fire      17%          9%          3
 Dazzling Flash           Conj/Hex       34%          9%          3
 Gell's Gravitas          Tloc           8%           9%          3
 Inner Flame              Hex/Fire       17%          9%          3
 Lesser Beckoning         Tloc           8%           9%          3
 Static Discharge         Conj/Air       17%          9%          3
 Tukima's Dance           Hex            17%          9%          3
 Vampiric Draining        Necr           8%           9%          3
 Irradiate                Conj/Tmut      24%          10%         5
 Yara's Violent Unravell  Hex/Tmut       24%          10%         5
 Airstrike                Air            8%           26%         4
 Animate Dead             Necr           8%           26%         4
 Fulminant Prism          Conj/Hex       8%           26%         4
 Iskenderun's Mystic Bla  Conj/Tloc      17%          26%         4
 Sticky Flame             Conj/Fire      17%          26%         4
 Dragon Form              Tmut           34%          36%         7
 Agony                    Necr           17%          58%         5
 Fireball                 Conj/Fire      8%           58%         5
 Lightning Bolt           Conj/Air       8%           58%         5
 Metabolic Englaciation   Hex/Ice        8%           58%         5
 Invisibility             Hex            17%          99%         6


Dungeon Overview and Level Annotations

Branches:
Dungeon (15/15)            Temple (0/1) D:4            Lair (6/6) D:9
 Shoals (4/4) Lair:2        Snake (4/4) Lair:4        Slime (0/5) Lair:5
    Orc (2/2) D:12            Elf (0/3) Orc:2        Vaults (0/5) D:13
 Depths (0/5) D:15          IceCv (visited)         Volcano (visited)

Altars:
Ashenzari
Dithmenos
Elyvilon
Hepliaklqana
Nemelex Xobeh
Sif Muna
Uskayaw
Vehumet
Wu Jian
Xom
Zin
Beogh
Jiyva
Lugonu

Shops:
D:4 }   D:6 *   D:7 *   D:11 [   D:15 [   Orc:2 *}(**   Snake:1 (   Snake:2 =

Portals:
Abyss: Snake:4

Annotations:
Shoals:2 Aizul


Innate Abilities, Weirdness & Mutations

You are too large for most types of armour.
((You have tough skin. (AC +1)))
You have sharp fingernails.
You have razor-sharp toenails.
You are surrounded by a mild repulsion field. (EV +2)
You have supernaturally acute eyesight. (SInv)
Your mind is very acute. (Int +4)
Armour fits poorly on your strangely shaped body.
You evolve.
You expend magic power (3 MP) to strengthen your wands.


Message History

The frost giant points at you and mumbles some strange words.
The bolt of cold hits you!
* * * LOW HITPOINT WARNING * * *
The merfolk siren chants its luring song.
The merfolk aquamancer casts a spell.
The merfolk aquamancer blinks!
The merfolk hits you but does no damage.
The merfolk impaler hits you from afar with a +3 demon trident of freezing!
* * * LOW HITPOINT WARNING * * *
The merfolk impaler freezes you.
* * * LOW HITPOINT WARNING * * *
The crimson imp hits you but does no damage.
The frost giant hits you with a +2 battleaxe of freezing!
* * * LOW HITPOINT WARNING * * *
The frost giant freezes you.
* * * LOW HITPOINT WARNING * * *
The water nymph gestures at you while chanting.
The water swirls and strikes you!
You die...
Xom laughs nastily!

≈≈≈≈≈≈≈≈..≈≈≈..≈≈≈≈≈≈
≈≈≈≈≈
≈≈≈≈≈≈≈≈≈(≈(≈.≈≈≈≈≈≈≈
≈≈§≈≈
≈≈≈≈≈≈≈≈(≈≈≈≈≈≈≈≈≈≈≈≈
≈§≈)≈
≈≈≈≈≈≈≈≈≈≈≈≈≈≈≈≈≈≈≈≈≈
≈≈≈≈≈
≈≈≈≈≈≈≈○≈.).≈≈≈≈≈≈≈
≈≈≈≈≈
≈≈≈≈≈≈≈≈.....≈≈≈≈≈≈
≈≈≈≈.
≈≈≈≈≈≈≈...........
...≈≈
≈≈≈≈≈≈..○5≈m#≈#.#
..≈≈≈ ≈≈≈≈≈≈.§8#####
# .≈≈≈§ ≈≈≈≈≈≈.≈#C≈≈#
.≈≈≈≈
≈≈≈≈≈≈..#mm≈≈≈m≈
.≈≈≈§
≈≈≈≈≈≈..#≈≈#≈#≈.
..≈≈≈ ≈≈≈m≈.# #≈≈ ≈≈
...§≈ ≈≈≈≈≈. ≈#. m≈
..... ≈≈≈m≈. ..≈. .
..... ≈≈≈≈≈. m# #S m#
.≈≈≈≈≈≈


You could see a frost giant, 3 merfolk impalers, a merfolk javelineer (fleeing),
a sea snake (fleeing), a merfolk aquamancer (fleeing), a merfolk, a merfolk
siren (mesmerising), a water nymph and a crimson imp (summoned).

Vanquished Creatures
  Jorgrun (D:13)
  Gastronok (D:10)
  Agnes (Snake:3)
  13 nagarajas
  2 orc warlords (Orc:1)
  A frost giant (IceCv)
  Nessos (D:12)
  3 ettins
  4 merfolk javelineers (Shoals:4)
  The ghost of haesbaert the Covert, a journeyman OpWz of Vehumet (Lair:1)
  A fire dragon (Lair:6)
  A merfolk impaler (Shoals:2)
  Josephine (Shoals:1)
  Harold (Lair:1)
  20 naga warriors
  6 hydras
  7 vault guards (D:13)
  An ice dragon (D:11)
  5 boulder beetles
  The ghost of akumoriri the Martial Artist, a journeyman GnTm of Sif Muna (D:11)
  8 anacondas
  2 alligator snapping turtles
  4 centaur warriors
  3 merfolk avatars
  3 merfolk aquamancers
  14 two-headed ogres
  7 death yaks
  2 death knights
  4 ogre magi (Orc:2)
  2 alligators (Shoals:4)
  Urug (Lair:5)
  A vampire mage (D:14)
  13 naga sharpshooters
  2 tengu warriors
  7 shock serpents
  A skeletal warrior (D:15)
  A fire crab (Lair:6)
  A salamander mystic (Snake:4)
  17 sea snakes
  4 unseen horrors
  3 naga ritualists (Snake:4)
  A lindwurm (Lair:6)
  2 necromancers
  A phantasmal warrior (D:15)
  4 deep elf magi
  10 harpies
  6 mana vipers
  An orc knight (Orc:1)
  8 ugly things
  6 elephants (Lair:6)
  2 orc sorcerers
  12 fauns
  13 salamanders
  5 cyclopes
  9 manticores
  A fire giant skeleton (D:15)
  32 black mambas
  A black mamba (shapeshifter) (Orc:1)
  2 water nymphs (Shoals:4)
  2 ice statues
  8 merfolk sirens
  4 guardian serpents
  14 naga magi
  10 cane toads
  3 molten gargoyles (Lair:6)
  2 gargoyles
  4 kobold demonologists
  A smoke demon (Volcano)
  3 freezing wraiths
  2 rime drakes
  9 komodo dragons
  4 centaur skeletons
  A yaktaur (shapeshifter) (D:14)
  A tengu conjurer (Shoals:1)
  2 red devils (Volcano)
  23 merfolk
  8 trolls
  A jumping spider (Shoals:1)
  A guardian mummy (D:15)
  16 polar bears
  A fire dragon zombie (D:15)
  A hornet (D:11)
  3 wind drakes
  6 dream sheep (Lair:4)
  16 blink frogs
  10 slime creatures
  2 snapping turtles
  An ettin skeleton (D:15)
  6 water elementals
  Sigmund (D:4)
  2 shadows
  49 yaks
  6 wraiths
  10 wyverns
  3 vampires
  3 steam dragons
  3 vampire mosquitoes (D:15)
  7 basilisks
  A human zombie (D:15)
  6 wargs
  A warg (shapeshifter) (D:12)
  66 nagas
  2 soldier ants
  2 acid dragons
  15 water moccasins
  7 hell hounds
  Duvessa (D:4)
  2 floating eyes (D:12)
  A swamp drake (D:9)
  45 orc warriors
  2 hornet zombies
  6 phantoms
  5 ice beasts
  2 sky beasts
  35 ogres
  3 black bears
  2 eyes of draining
  28 wolves
  13 centaurs
  13 big kobolds
  30 bullfrogs
  Dowan (D:4)
  5 scorpions
  16 killer bees
  11 wights
  3 electric eels
  5 lava snakes (Lair:6)
  A crimson imp (D:9)
  2 centaur zombies
  9 jellies
  A quasit (D:10)
  7 hounds
  39 orc wizards
  30 orc priests
  An iron imp (D:9)
  3 bullfrog skeletons
  A gnoll shaman (D:4)
  7 iguanas
  10 worker ants
  4 polar bear simulacra (Lair:4)
  2 yak simulacra (Lair:4)
  3 wolf simulacra (Lair:4)
  A hound zombie (D:7)
  A hound skeleton (D:10)
  9 adders
  10 gnolls
  6 river rats (D:7)
  A shadow imp (D:9)
  4 white imps
  An ufetubus (D:8)
  2 oozes
  An adder skeleton (D:4)
  3 worms
  4 dart slugs
  15 leopard geckos
  136 orcs
  4 giant cockroaches
  10 goblins
  13 hobgoblins
  14 jackals
  3 quokkas
  A ball python (D:7)
  8 bats
  6 frilled lizards
  A jackal skeleton (D:4)
  69 kobolds
  23 rats
  2 river rat simulacra (Lair:4)
1334 creatures vanquished.

Vanquished Creatures (collateral kills)
  A nagaraja (Snake:4)
  A shock serpent (Snake:2)
  A sea snake (Shoals:4)
  A harpy (Shoals:4)
  A deep elf mage (D:14)
  A black mamba (Snake:2)
  A guardian serpent (Snake:4)
  A centaur skeleton (D:14)
  A water elemental (D:15)
  A wraith (D:14)
  3 nagas
  An eye of draining (D:15)
  A centaur (D:14)
  3 orcs
18 creatures vanquished.

Vanquished Creatures (others)
  A naga warrior (Snake:2)
  A dancing weapon (Orc:1)
  A naga (Snake:2)
  A killer bee (D:13)
  An orc wizard (Orc:2)
  40 fungi
  A lurking horror (Snake:4)
  49 plants
  10 withered plants (D:15)
105 creatures vanquished.

Grand Total: 1457 creatures vanquished

Notes
Turn   | Place    | Note
-------+----------+-------------------------------------------
     0 | D:1      | Kejsarherre the Ogre Chaos Knight began the quest for the
                  | Orb.
     0 | D:1      | Reached XP level 1. HP: 24/24 MP: 1/1
   162 | D:1      | Reached XP level 2. HP: 32/32 MP: 2/2
   486 | D:1      | Reached XP level 3. HP: 39/39 MP: 3/3
   907 | D:2      | Learned a level 2 spell: Blink
   974 | D:2      | Found a faded altar of an unknown god.
  1024 | D:2      | XOM: divination: detect items
  1080 | D:2      | XOM: potion effect (might)
  1127 | D:2      | Reached XP level 4. HP: 47/48 MP: 4/4
  1128 | D:2      | XOM: divination: detect items
  1524 | D:2      | Found a hide-covered altar of Uskayaw.
  1530 | D:2      | XOM: noise
  1750 | D:2      | XOM: god gift: gold wand {god gift}
  1956 | D:3      | Reached skill level 5 in Maces & Flails
  1956 | D:3      | XOM: noise
  1959 | D:3      | Reached XP level 5. HP: 50/54 MP: 5/5
  2139 | D:3      | XOM: god gift: condenser vane
  2244 | D:3      | Noticed a big kobold
  2249 | D:3      | Killed a big kobold
  2250 | D:3      | Reached skill level 1 in Shields
  2275 | D:3      | Reached XP level 6. HP: 62/62 MP: 6/6
  2340 | D:3      | XOM: potion effect (curing)
  2376 | D:3      | Reached XP level 7. HP: 48/70 MP: 7/7
  2381 | D:3      | XOM: divination: detect creatures
  2421 | D:3      | XOM: 2-stop teleportation journey
  2451 | D:3      | Reached skill level 15 in Fighting
  2451 | D:3      | Reached XP level 8. HP: 9/107 MP: 8/8
  2465 | D:3      | HP: 5/107 [frilled lizard (2)]
  2470 | D:3      | HP: 5/107 [poisoned by an orc priest]
  2930 | D:3      | XOM: silly message
  3385 | D:4      | Found a staircase to the Ecumenical Temple.
  3403 | D:4      | Noticed Sigmund
  3415 | D:4      | XOM: potion effect (heal wounds)
  3419 | D:4      | XOM: divination: magic mapping
  3426 | D:4      | Killed Sigmund
  3429 | D:4      | XOM: summons 3 friendly demons
  3449 | D:4      | Reached XP level 9. HP: 70/115 MP: 9/9
  3476 | D:4      | Noticed Duvessa
  3479 | D:4      | XOM: potion effect (curing)
  3482 | D:4      | Noticed Dowan
  3486 | D:4      | XOM: cast spell 'Statue Form'
  3498 | D:4      | Killed Duvessa
  3501 | D:4      | XOM is BORED!
  3511 | D:4      | Killed Dowan
  3676 | D:4      | XOM: scenery: summon butterflies
  3701 | D:4      | XOM: 2-stop teleportation journey
  3705 | D:4      | Found Plog's Gadget Emporium.
  3895 | D:4      | XOM: divination: magic mapping
  4042 | D:4      | XOM: draining
  4229 | D:4      | Found a shimmering blue altar of Sif Muna.
  4231 | D:4      | Found a glowing silver altar of Zin.
  4231 | D:4      | Found a hazy altar of Hepliaklqana.
  4231 | D:4      | Found a radiant altar of Vehumet.
  4298 | D:5      | Entered Level 5 of the Dungeon
  4568 | D:5      | XOM: give mutation
  4568 | D:5      | Gained mutation: Armour fits poorly on your strangely
                  | shaped body. [Xom's mischief]
  4576 | D:5      | XOM is BORED!
  4576 | D:5      | XOM: give mutations
  4576 | D:5      | Gained mutation: You are dopey. (Int -2) [Xom's mischief]
  4576 | D:5      | Gained mutation: You occasionally shout uncontrollably at
                  | your foes. [Xom's mischief]
  4576 | D:5      | Gained mutation: You tend to lose your temper in combat.
                  | [Xom's mischief]
  4576 | D:5      | Gained mutation: You are weak. (Str -2) [Xom's mischief]
  4578 | D:5      | Got a scorched quarterstaff
  4969 | D:5      | XOM: god gift: glowing great mace {god gift}
  4987 | D:5      | Identified the +4 quarterstaff of Animal Spirits {flame,
                  | *Slow rElec Will+} (You found it on level 5 of the Dungeon)
  5038 | D:6      | Found Paica's General Store.
  5121 | D:6      | XOM: 5-stop teleportation journey
  5153 | D:6      | XOM: polymorph hound -> gnoll
  5162 | D:6      | XOM: god gift: pair of embroidered boots {god gift}
  5192 | D:6      | XOM: divination: magic mapping
  5497 | D:6      | XOM: 5-stop teleportation journey
  5544 | D:6      | XOM: potion effect (heal wounds)
  5664 | D:6      | XOM: silly message
  5714 | D:6      | Found a shadowy altar of Dithmenos.
  5793 | D:6      | Found a white marble altar of Elyvilon.
  6031 | D:6      | Reached XP level 10. HP: 114/126 MP: 10/10
  6257 | D:7      | Found Duhazila's Assorted Antiques.
  6282 | D:7      | Bought a scroll of identify for 44 gold pieces
  6282 | D:7      | Bought a scroll labelled BEVUEDGHAFI for 22 gold pieces
  6282 | D:7      | Bought a scratched onyx ring for 110 gold pieces
  6282 | D:7      | Bought a scratched sapphire ring for 110 gold pieces
  6427 | D:7      | XOM: noise
  6544 | D:7      | XOM: potion effect (berserk rage)
  6562 | D:7      | Reached skill level 5 in Shields
  6650 | D:7      | Found a broken altar of Ashenzari.
  6786 | D:7      | XOM: cloud trail
  7373 | D:8      | Found a sparkling altar of Nemelex Xobeh.
  7423 | D:8      | Learned a level 3 spell: Ignite Poison
  7469 | D:8      | XOM: cast spell 'Cause Fear'
  7549 | D:8      | XOM: chaos upgrade
  7843 | D:9      | XOM: scenery: 1 doors open
  7861 | D:9      | XOM: god gift: 32 gold pieces
  7920 | D:9      | XOM: scenery: summon butterflies
  7946 | D:9      | XOM: scenery: 2 doors close
  8110 | D:9      | XOM: scenery: 3 doors open
  8111 | D:9      | XOM: 7-stop teleportation journey
  8140 | D:9      | XOM: fog
  8217 | D:9      | Found a staircase to the Lair.
  8323 | D:9      | XOM: destruction
  8326 | D:9      | XOM: give mutations
  8326 | D:9      | Gained mutation: You are robust. (+10% HP) [Xom's grace]
  8326 | D:9      | Gained mutation: You have supernaturally acute eyesight.
                  | (SInv) [Xom's grace]
  8419 | D:9      | XOM: god gift: runed robe {god gift}
  8625 | D:9      | Reached skill level 10 in Maces & Flails
  8633 | D:9      | Noticed a deep elf mage
  8654 | D:9      | Killed a deep elf mage
  8658 | D:9      | Noticed a deep elf mage
  8666 | D:9      | Killed a deep elf mage
  8667 | D:9      | Reached XP level 11. HP: 133/146 MP: 11/11
  9113 | D:10     | Entered Level 10 of the Dungeon
  9142 | D:10     | XOM: give mutation
  9142 | D:10     | Gained mutation: You expend magic power (3 MP) to
                  | strengthen your wands. [Xom's grace]
  9231 | D:10     | Noticed Gastronok
  9233 | D:10     | XOM: potion effect (might)
  9238 | D:10     | XOM: divination: magic mapping
  9243 | D:10     | XOM: summons friendly iron imp
  9244 | D:10     | Killed Gastronok
  9310 | D:10     | Lost mutation: You tend to lose your temper in combat.
                  | [potion of mutation]
  9310 | D:10     | Lost mutation: Armour fits poorly on your strangely shaped
                  | body. [potion of mutation]
  9310 | D:10     | Lost mutation: You are weak. (Str -2) [potion of mutation]
  9310 | D:10     | Lost mutation: You are robust. (+10% HP) [potion of
                  | mutation]
  9310 | D:10     | Gained mutation: You have a pair of small antennae on your
                  | head. [potion of mutation]
  9310 | D:10     | Gained mutation: You are partially covered in molten
                  | scales. (AC +2) [potion of mutation]
  9519 | D:10     | Noticed a two-headed ogre
  9526 | D:10     | Killed a two-headed ogre
  9584 | D:10     | XOM: 3-stop teleportation journey
  9726 | D:10     | XOM: divination: magic mapping
  9839 | D:10     | XOM: divination: detect creatures
  9932 | D:11     | XOM: divination: detect items
  9958 | D:11     | XOM: god gift: 19 gold pieces
 10045 | D:11     | XOM: fog
 10088 | D:11     | Noticed a manticore
 10093 | D:11     | Noticed a cyclops
 10099 | D:11     | XOM: god gift: 3 silver boomerangs
 10100 | D:11     | Killed a manticore
 10126 | D:11     | Killed a cyclops
 10143 | D:11     | XOM: give mutations
 10143 | D:11     | Gained mutation: You are surrounded by a mild repulsion
                  | field. (EV +2) [Xom's grace]
 10143 | D:11     | Gained mutation: You have sharp toenails. [Xom's grace]
 10204 | D:11     | Noticed an ettin
 10206 | D:11     | Noticed an ettin
 10209 | D:11     | Killed an ettin
 10210 | D:11     | Killed an ettin
 10221 | D:11     | Reached XP level 12. HP: 76/143 MP: 10/12
 10250 | D:11     | Got a vibrating silver ring
 10257 | D:11     | Identified the ring "Xeecuuwi" {Will+ Str-3 Dex+2 SInv}
                  | (You found it on level 11 of the Dungeon)
 10285 | D:11     | Noticed an ice dragon
 10288 | D:11     | XOM: cleaving
 10301 | D:11     | Killed an ice dragon
 10416 | D:11     | XOM: enchant monster (bad)
 10481 | D:11     | XOM: cloud trail
 10544 | D:11     | Noticed akumoriri's ghost (journeyman GnTm)
 10548 | D:11     | Found a runed translucent door.
 10573 | D:11     | Found Iraptyphe's Armour Shop.
 10581 | D:11     | XOM: god gift: scroll of fear
 10662 | D:11     | Killed akumoriri's ghost
 10698 | D:11     | XOM: smoke on damage
 10711 | D:11     | XOM: enchant monster (good)
 10806 | D:11     | XOM is BORED!
 10806 | D:11     | XOM: summons 3 hostile shadow creatures
 10848 | D:11     | XOM: summons 1 hostile shadow creature
 11157 | D:12     | Noticed Nessos
 11161 | D:12     | XOM: cast spell 'Monstrous Menagerie'
 11173 | D:12     | XOM: blink monster(s)
 11300 | D:12     | XOM: polymorph kobold demonologist -> hornet
 11335 | D:12     | XOM: repel stairs
 11336 | D:12     | XOM: torment (66/143 hp)
 11337 | D:12     | Killed Nessos
 11338 | D:12     | Reached skill level 1 in Spellcasting
 11338 | D:12     | Reached skill level 1 in Transmutations
 11338 | D:12     | Reached skill level 1 in Poison Magic
 11508 | D:12     | Found a staircase to the Orcish Mines.
 11510 | D:12     | XOM: noise
 11585 | D:12     | XOM: blink monster(s)
 11594 | D:12     | Found a roughly hewn altar of Beogh.
 11765 | D:12     | XOM: summons 7 hostile demons
 11845 | D:12     | XOM: smoke on damage
 11945 | D:12     | XOM: confuse monster(s)
 11997 | D:12     | XOM: chaos cloud
 12018 | D:12     | XOM: enchant monster (bad)
 12021 | D:12     | XOM: noise
 12030 | D:12     | Paralysed by a floating eye for 2 turns
 12034 | D:12     | Paralysed by a floating eye for 3 turns
 12037 | D:12     | XOM: swap monsters
 12044 | D:12     | XOM: confusion (+ monsters)
 12058 | D:12     | Reached XP level 13. HP: 115/150 MP: 17/17
 12512 | D:12     | XOM: summons 1 hostile shadow creature
 12660 | D:13     | XOM: enchant monster (bad)
 12728 | D:13     | XOM: swap monsters
 12744 | D:13     | XOM: stat loss: -1 Dex (13/14)
 12763 | D:13     | XOM: butterfly on damage
 12773 | D:13     | XOM: give mutations
 12773 | D:13     | Lost mutation: You are dopey. (Int -2) [Xom's mischief]
 12773 | D:13     | Gained mutation: You are partially covered in thin metallic
                  | scales. (AC +2) [Xom's mischief]
 12773 | D:13     | Lost mutation: You are partially covered in thin metallic
                  | scales. (AC +2) [Xom's mischief]
 12773 | D:13     | Gained mutation: You sometimes yell uncontrollably at your
                  | foes. [Xom's mischief]
 13070 | D:13     | XOM: summons 2 hostile demons
 13083 | D:13     | Noticed a vault guard
 13084 | D:13     | Noticed a vault guard
 13084 | D:13     | Noticed a vault guard
 13084 | D:13     | Noticed a vault guard
 13084 | D:13     | Noticed a vault guard
 13085 | D:13     | Noticed a vault guard
 13098 | D:13     | Killed a vault guard
 13100 | D:13     | Noticed an ettin
 13100 | D:13     | a vault guard changed into an ettin
 13100 | D:13     | XOM: polymorph vault guard -> ettin
 13103 | D:13     | Killed a vault guard
 13105 | D:13     | Reached skill level 5 in Spellcasting
 13107 | D:13     | Killed an ettin
 13113 | D:13     | Killed a vault guard
 13115 | D:13     | Killed a vault guard
 13120 | D:13     | Killed a vault guard
 13133 | D:13     | Found a gate to the Vaults.
 13143 | D:13     | Noticed a vault guard
 13157 | D:13     | Killed a vault guard
 13185 | D:13     | Noticed a vault guard
 13193 | D:13     | Killed a vault guard
 13246 | D:13     | XOM: stat loss: -1 Dex (13/14)
 13430 | D:13     | XOM: polymorph centaur warrior -> merfolk
 13451 | D:13     | XOM: give mutations
 13451 | D:13     | Gained mutation: Your magical capacity is low. (-10% MP)
                  | [Xom's mischief]
 13451 | D:13     | Lost mutation: You sometimes yell uncontrollably at your
                  | foes. [Xom's mischief]
 13451 | D:13     | Gained mutation: Your mind is acute. (Int +2) [Xom's
                  | mischief]
 13611 | D:13     | XOM: summons friendly white imp
 13755 | D:13     | XOM: polymorph white imp -> crimson imp
 13849 | D:14     | Reached skill level 16 in Fighting
 13865 | D:14     | Noticed Jorgrun
 13925 | D:13     | XOM: silly message
 13931 | D:13     | Killed Jorgrun
 13932 | D:13     | Reached XP level 14. HP: 41/163 MP: 22/22
 14061 | D:14     | XOM: silly message
 14151 | D:14     | XOM: silly message
 14234 | D:13     | XOM: draining
 14250 | D:13     | Reached skill level 17 in Fighting
 14254 | D:13     | XOM: silly message
 14358 | D:13     | XOM: blink monster(s)
 14432 | D:13     | XOM: give mutations
 14432 | D:13     | Gained mutation: You are frail. (-10% HP) [Xom's mischief]
 14432 | D:13     | Lost mutation: Your mind is acute. (Int +2) [Xom's
                  | mischief]
 14432 | D:13     | Lost mutation: You are frail. (-10% HP) [Xom's mischief]
 14609 | D:14     | XOM: scenery: create altars
 14612 | D:14     | XOM: summons friendly ufetubus
 14624 | D:14     | XOM: cast spell 'Summon Dragon'
 14736 | D:13     | XOM: stat loss: -1 Dex (13/14)
 14741 | D:14     | XOM: polymorph sky beast -> acid dragon
 14865 | D:14     | XOM: divination: magic mapping
 14867 | D:14     | XOM: swap monsters
 14877 | D:14     | XOM: silly message
 14885 | D:14     | XOM: confusion (+ monsters)
 14886 | D:14     | XOM: swap monsters
 14894 | D:14     | XOM: silly message
 14899 | D:14     | XOM: swap monsters
 14915 | D:14     | XOM: confusion
 14926 | D:14     | XOM: summons 4 friendly demons
 14985 | D:14     | XOM: noise
 15067 | D:14     | XOM: cast spell 'Death Channel'
 15072 | D:14     | Reached skill level 18 in Fighting
 15233 | D:9      | XOM: divination: detect creatures
 15235 | Lair:1   | Entered Level 1 of the Lair of Beasts
 15243 | Lair:1   | Noticed Harold
 15246 | Lair:1   | XOM: cast spell 'Metabolic Englaciation'
 15252 | Lair:1   | Killed Harold
 15316 | Lair:1   | XOM is BORED!
 15316 | Lair:1   | XOM: 1-stop teleportation journey
 15342 | Lair:1   | XOM: noise
 15407 | Lair:1   | Noticed haesbaert's ghost (journeyman OpWz)
 15492 | Lair:1   | XOM: potion effect (haste)
 15499 | Lair:1   | XOM: enchant monster (bad)
 15638 | Lair:1   | Found a transporter.
 15640 | Lair:1   | Found a transporter.
 15674 | Lair:1   | XOM: confuse monster(s)
 15677 | Lair:1   | Killed haesbaert's ghost
 16295 | Lair:2   | Found a staircase to the Shoals.
 16296 | Lair:2   | XOM: enchant monster (bad)
 16301 | Lair:2   | XOM: noise
 16311 | Lair:2   | Reached skill level 19 in Fighting
 16333 | Lair:2   | XOM: scenery: create altars
 16483 | Lair:2   | Found a frozen archway.
 16501 | Lair:2   | Identified a scroll of acquirement
 16501 | Lair:2   | Acquired a book of Changes
 16507 | IceCv    | Entered an ice cave
 16522 | IceCv    | XOM: confusion
 16577 | IceCv    | XOM: 1-stop teleportation journey
 16623 | IceCv    | XOM: enchant monster (bad)
 16696 | IceCv    | XOM: confuse monster(s)
 16752 | IceCv    | Reached skill level 20 in Fighting
 16881 | IceCv    | XOM: summons friendly shadow imp
 16892 | IceCv    | XOM: summons friendly crimson imp
 16896 | IceCv    | Reached XP level 15. HP: 167/183 MP: 22/22
 16950 | IceCv    | XOM: summons 2 hostile shadow creatures
 16951 | IceCv    | Noticed a frost giant
 17032 | IceCv    | XOM: enchant monster (bad)
 17093 | IceCv    | Noticed a frost giant
 17100 | IceCv    | Killed a frost giant
 17101 | IceCv    | Reached skill level 5 in Dodging
 17233 | Lair:2   | XOM: 10-stop teleportation journey
 17908 | Lair:3   | XOM: blink monster(s)
 18389 | Lair:4   | XOM: enchant monster (bad)
 18437 | Lair:4   | Found a staircase to the Snake Pit.
 18662 | Lair:4   | XOM: polymorph bullfrog -> steam dragon
 18719 | Lair:4   | XOM: summons 1 hostile demon
 19180 | Lair:5   | Found a runed translucent door.
 19182 | Lair:5   | Found a viscous altar of Jiyva.
 19184 | Lair:5   | Found a staircase to the Slime Pits.
 19232 | Lair:5   | Noticed Urug
 19235 | Lair:5   | XOM: silly message
 19239 | Lair:5   | Killed Urug
 19280 | Lair:5   | XOM: enchant monster (bad)
 19311 | Lair:5   | Found a dark tunnel.
 19320 | Volcano  | Entered a volcano
 19377 | Volcano  | XOM: polymorph red ugly thing -> green ugly thing
 19644 | Lair:5   | XOM: smoke on damage
 19647 | Lair:5   | XOM: summons friendly quasit
 19655 | Lair:5   | Found a hide-covered altar of Uskayaw.
 19656 | Lair:5   | Found an ornate altar of the Wu Jian Council.
 19824 | Lair:6   | Entered Level 6 of the Lair of Beasts
 19824 | Lair:6   | XOM is BORED!
 19824 | Lair:6   | Found a large runed translucent door.
 19824 | Lair:6   | Found a large runed translucent door.
 19824 | Lair:6   | XOM: 1-stop teleportation journey
 19862 | Lair:6   | XOM: divine lightning
 19977 | Lair:6   | Learned a level 6 spell: Statue Form
 20099 | Lair:6   | XOM: destruction
 20108 | Lair:6   | Reached skill level 1 in Earth Magic
 20111 | Lair:6   | XOM: polymorph basilisk -> wyvern
 20115 | Lair:6   | XOM: enchant monster (good)
 20196 | Lair:6   | XOM: blink monster(s)
 20199 | Lair:6   | XOM: stat loss: -1 Str (25/26)
 20279 | Lair:6   | XOM: enchant monster (bad)
 20372 | Lair:6   | XOM: summons 4 hostile demons
 20422 | Lair:6   | XOM: smoke on damage
 20426 | Lair:6   | XOM: silly message
 20444 | Lair:6   | Reached skill level 5 in Transmutations
 20499 | Lair:6   | XOM: 2-stop teleportation journey
 20592 | Lair:6   | XOM: silly message
 20605 | Lair:6   | Reached XP level 16. HP: 166/192 MP: 23/23
 20724 | Lair:6   | XOM: noise
 20727 | Lair:6   | XOM: blink monster(s)
 20728 | Lair:6   | XOM: blink monster(s)
 20960 | Lair:6   | Reached skill level 5 in Earth Magic
 21099 | Lair:6   | XOM: scenery: create altars
 21186 | Lair:6   | XOM: give mutations
 21186 | Lair:6   | Gained mutation: Armour fits poorly on your strangely
                  | shaped body. [Xom's mischief]
 21186 | Lair:6   | Gained mutation: You are agile. (Dex +2) [Xom's mischief]
 21186 | Lair:6   | Lost mutation: You are partially covered in molten scales.
                  | (AC +2) [Xom's mischief]
 21186 | Lair:6   | Gained mutation: You are weak. (Str -2) [Xom's mischief]
 21716 | D:15     | Entered Level 15 of the Dungeon
 21716 | D:15     | Found a staircase to the Depths.
 21758 | D:15     | XOM: noise
 21923 | D:15     | Found Qaaff's Armour Boutique.
 22010 | D:15     | XOM: blink monster(s)
 22045 | D:15     | XOM: cast spell 'Summon Ice Beast'
 22452 | D:15     | XOM: smoke on damage
 22455 | D:15     | XOM: cast spell 'Summon Small Mammal'
 22550 | D:15     | XOM: cleaving
 22815 | D:15     | XOM: give mutations
 22815 | D:15     | Lost mutation: Your magical capacity is low. (-10% MP)
                  | [Xom's mischief]
 22815 | D:15     | Gained mutation: Your body sometimes deteriorates upon
                  | taking damage. [Xom's mischief]
 22815 | D:15     | Lost mutation: You have a pair of small antennae on your
                  | head. [Xom's mischief]
 22828 | D:15     | XOM: chaos cloud
 23119 | Orc:1    | Entered Level 1 of the Orcish Mines
 23170 | Orc:1    | XOM: silly message
 23241 | Orc:1    | XOM: chaos upgrade
 23242 | Orc:1    | XOM: polymorph orc knight -> shapeshifter
 23263 | Orc:1    | XOM: smoke on damage
 23374 | D:12     | XOM: god gift: 954 gold pieces
 23436 | Orc:1    | XOM: polymorph orc wizard -> worker ant
 23608 | Orc:1    | XOM: summons friendly ynoxinul
 23728 | Orc:1    | XOM: god gift: 21 stones
 23752 | Orc:1    | XOM: god gift: condenser vane (inert)
 23899 | Orc:1    | XOM: scenery: summon butterflies
 23965 | Orc:2    | Entered Level 2 of the Orcish Mines
 23965 | Orc:2    | Found Urait's General Store.
 23989 | Orc:2    | Bought 2 potions of invisibility for 288 gold pieces
 23989 | Orc:2    | Bought a scroll of enchant armour for 135 gold pieces
 24000 | Orc:2    | Found a staircase to the Elven Halls.
 24198 | Orc:2    | XOM: confuse monster(s)
 24209 | Orc:2    | XOM: cleaving
 24216 | Orc:2    | XOM: summons friendly iron imp
 24254 | Orc:2    | Found Guyfimp's Gadget Shoppe.
 24254 | Orc:2    | Found Lujeeg's General Store.
 24255 | Orc:2    | Found Istrit's Weapon Boutique.
 24255 | Orc:2    | Found Arubiqem's General Store.
 24263 | Orc:2    | Bought a scroll of blinking for 90 gold pieces
 24263 | Orc:2    | Bought a scroll of magic mapping for 42 gold pieces
 24264 | Orc:2    | Bought a potion of mutation for 104 gold pieces
 24264 | Orc:2    | Bought 2 potions of lignification for 78 gold pieces
 24264 | Orc:2    | Bought a potion of might for 52 gold pieces
 24517 | Orc:1    | XOM: silly message
 24534 | Orc:1    | XOM: silly message
 24816 | Orc:2    | XOM: divination: detect creatures
 24823 | Orc:2    | XOM: potion effect (invisibility)
 25124 | Snake:1  | Entered Level 1 of the Snake Pit
 25129 | Snake:1  | Found Jecs's Antique Weapon Emporium.
 25190 | Snake:1  | XOM: cast spell 'Cause Fear'
 25219 | Snake:1  | Reached XP level 17. HP: 175/201 MP: 27/27
 25220 | Snake:1  | XOM: cast spell 'Chain of Chaos'
 25296 | Snake:1  | XOM: god gift: 61 gold pieces
 25335 | Snake:1  | XOM: give mutations
 25335 | Snake:1  | Gained mutation: You have sharp fingernails. [Xom's grace]
 25335 | Snake:1  | Gained mutation: You have a pair of small horns on your
                  | head. [Xom's grace]
 25335 | Snake:1  | Gained mutation: You possess an exceptional clarity of
                  | mind. [Xom's grace]
 25605 | Snake:1  | XOM: scenery: create altars
 25690 | Snake:2  | XOM: summons 2 friendly demons
 25697 | Snake:2  | XOM: scenery: create altars
 25700 | Snake:2  | HP: 9/201 [anaconda (4)]
 25701 | Snake:2  | HP: 4/201 [poisoned by a naga mage (poison arrow)]
 25705 | Snake:2  | XOM: enchant monster (good)
 25706 | Snake:2  | HP: 3/201 [poisoned by a naga (splash of poison)]
 25725 | Snake:2  | HP: 7/201 [naga mage/lance of force (19)]
 25744 | Snake:2  | HP: 10/201 [naga/+0 long sword (2)]
 25747 | Snake:2  | XOM: divine lightning
 25757 | Snake:2  | HP: 8/261 [naga/+0 battleaxe of draining (10)]
 26095 | Snake:2  | XOM: cast spell 'Call Canine Familiar'
 26151 | Snake:2  | XOM: god gift: 30 gold pieces
 26381 | Snake:2  | XOM: cast spell 'Shadow Creatures'
 26653 | Snake:3  | XOM: divination: magic mapping
 26671 | Snake:3  | XOM: potion effect (might)
 26796 | Snake:3  | XOM: divination: detect creatures
 26854 | Snake:3  | XOM: divination: detect creatures
 26899 | Snake:3  | XOM: scenery: 1 doors close
 26951 | Snake:3  | XOM: god gift: box of beasts
 26957 | Snake:3  | Noticed Agnes
 26959 | Snake:3  | Killed Agnes
 27060 | Snake:3  | XOM: cloud trail
 27079 | Snake:3  | XOM: divination: detect creatures
 27202 | Snake:3  | Reached skill level 10 in Spellcasting
 27202 | Snake:3  | Reached skill level 10 in Transmutations
 27892 | Snake:3  | XOM: give mutations
 27892 | Snake:3  | Gained mutation: Your mind is acute. (Int +2) [Xom's grace]
 27892 | Snake:3  | Gained mutation: You evolve. [Xom's grace]
 27892 | Snake:3  | Gained mutation: Your mind is very acute. (Int +4) [Xom's
                  | grace]
 27975 | Snake:3  | XOM: give mutations
 27978 | Snake:3  | Lost mutation: Your body sometimes deteriorates upon taking
                  | damage. [potion of mutation]
 27978 | Snake:3  | Lost mutation: You are weak. (Str -2) [potion of mutation]
 27978 | Snake:3  | Lost mutation: You have a pair of small horns on your head.
                  | [potion of mutation]
 27978 | Snake:3  | Gained mutation: You can translocate small distances at
                  | will. [potion of mutation]
 27979 | Snake:3  | Lost mutation: You possess an exceptional clarity of mind.
                  | [potion of mutation]
 27979 | Snake:3  | Lost mutation: You can translocate small distances at will.
                  | [potion of mutation]
 27979 | Snake:3  | Lost mutation: You occasionally shout uncontrollably at
                  | your foes. [potion of mutation]
 27979 | Snake:3  | Gained mutation: You have razor-sharp toenails. [potion of
                  | mutation]
 27982 | Snake:4  | Entered Level 4 of the Snake Pit
 28013 | Snake:4  | XOM: blink monster(s)
 28051 | Snake:4  | Found a corrupted altar of Lugonu.
 28053 | Snake:4  | Found a one-way gate to the infinite horrors of the Abyss.
 28158 | Snake:4  | XOM: 8-stop teleportation journey
 28273 | Snake:4  | XOM: summons 9 hostile demons
 28337 | Snake:4  | Reached skill level 10 in Earth Magic
 28428 | Snake:4  | XOM: summons 5 hostile demons
 28489 | Snake:4  | XOM: scenery: summon butterflies
 28501 | Snake:4  | Reached skill level 1 in Evocations
 28509 | Snake:4  | XOM: cast spell 'Call Canine Familiar'
 28527 | Snake:4  | Reached XP level 18. HP: 210/210 MP: 28/33
 28565 | Snake:4  | XOM: 1-stop teleportation journey
 28765 | Snake:4  | XOM: silly message
 28767 | Snake:4  | Reached skill level 15 in Maces & Flails
 28767 | Snake:4  | XOM: silly message
 28802 | Snake:4  | XOM: confusion (+ monsters)
 28803 | Snake:4  | XOM: cast spell 'Summon Ice Beast'
 28825 | Snake:4  | XOM: summons 2 friendly demons
 28833 | Snake:4  | Reached skill level 5 in Evocations
 29083 | Snake:4  | XOM: fog
 29108 | Snake:4  | XOM: divination: detect items
 29113 | Snake:4  | XOM: smoke on damage
 29239 | Snake:4  | XOM: cast spell 'Shadow Creatures'
 29314 | Snake:4  | Got a serpentine rune of Zot
 29477 | Snake:2  | XOM: summons 1 hostile shadow creature
 29572 | Snake:2  | XOM: 2-stop teleportation journey
 29625 | Snake:2  | XOM: enchant monster (good)
 29687 | Snake:2  | Found Ikoydohoc's Jewellery Boutique.
 29692 | Snake:2  | Bought the ring "Rinizus" {Int+6 Dex-4 Slay+4 Stlth+} for
                  | 1012 gold pieces
 30397 | Snake:1  | Lost mutation: You are agile. (Dex +2) [evolution]
 30497 | Shoals:1 | Entered Level 1 of the Shoals
 30629 | Shoals:1 | XOM: potion effect (heal wounds)
 30640 | Shoals:1 | XOM: polymorph faun -> jumping spider
 30728 | Shoals:1 | Reached XP level 19. HP: 216/219 MP: 34/34
 30842 | Shoals:1 | Noticed Josephine
 30848 | Shoals:1 | Killed Josephine
 30860 | Shoals:1 | XOM: smoke on damage
 31058 | Shoals:2 | Noticed Aizul
 31310 | Shoals:2 | XOM: confuse monster(s)
 31663 | Shoals:3 | XOM: god gift: chain mail {god gift}
 31756 | Shoals:4 | Entered Level 4 of the Shoals
 31760 | Shoals:4 | XOM: repel stairs
 31765 | Shoals:4 | XOM: smoke on damage
 31769 | Shoals:4 | XOM: 2-stop teleportation journey
 31770 | Shoals:4 | XOM: summons 5 friendly demons
 31771 | Shoals:4 | XOM: confuse monster(s)
 31998 | Shoals:4 | XOM: summons 3 hostile demons
 32005 | Shoals:4 | XOM: silly message
 32010 | Shoals:4 | HP: 13/284 [frost giant/+2 battleaxe of freezing (3)]
 32010 | Shoals:4 | Killed from afar by a water nymph

Illustrated notes

Levels and vault maps discovered:
D:1:      roderic_chinese_lattice_arrival, layout_basic
D:2:      layout_loops_ring, lemuel_coloured_pillars_altar, serial_forest,
          infiniplex_forest_clump_C, infiniplex_forest_clump_long,
          infiniplex_forest_straight_3, infiniplex_forest_lined_corner,
          infiniplex_forest_lined_2, infiniplex_forest_lined_2,
          infiniplex_forest_straight_2, infiniplex_forest_end_2,
          chequers_ecumenical_altar_simple, minmay_joined_circles
D:3:      minmay_goblin_kobold_castle, layout_rooms, kennysheep_generic_room_5
D:4:      layout_loops_ring, grunt_temple_overflow_open,
          minmay_temple_entry_antechambers, serial_shops,
          nicolae_shop_competitors_out_of_business, due_unseen_surprise,
          uniq_duvessa, uniq_sigmund
D:5:      layout_basic
D:6:      layout_gridville, elyvilon_altar_5, serial_shops,
          nicolae_shop_crystal, nicolae_dithmenos_through_a_glass_darkly
D:7:      layout_loops_ring, nicolae_ashenzari_panopticon, serial_shops, shop,
          dk_rats_in_the_wall
D:8:      layout_rooms, nemelex_dance_club_becter
D:9:      layout_gridville, grunt_lair_entry_orc_guard_hut,
          hangedman_minor_magic
D:10:     layout_basic, corexii_checkpoint_b, uniq_gastronok
D:11:     minmay_the_grid_plus_closed [minmay_the_grid_dragon_b,
          minmay_the_grid_minigrid_large, minmay_the_grid_medium_cups,
          minmay_the_grid_outer_diamond, minmay_the_grid_prize_diamond_cup],
          layout_basic, hellmonk_ghost_happy_afterlife, serial_shops, shop
D:12:     layout_cave_pools, minmay_orc_entry_temple_small,
          hangedman_decor_opposing, roderic_lattice_a,
          chequers_serial_rivers_small_b, minivault_19, minmay_statues_item,
          glass_columns_c, onia_ninara_cookie, uniq_nessos
D:13:     layout_roguey, erik_vaults_2, serial_glass, glass_columns_a,
          glass_columns_a, glass_columns_c, glass_columns_b, feat_on_display,
          chequers_jeans, roderic_st_hans_cross
D:14:     layout_cave_pools, nicolae_sextant, uniq_jorgrun
D:15:     gammafunk_depths_entry_grave, layout_basic, serial_shops, shop,
          grunt_ministairs_15
Lair:1:   layout_loops_ring, nzn_ghost_randoct, uniq_harold
Lair:2:   layout_concentric_octagons, elwin_shoals_entry_stream,
          portal_ice_cave_entry_pillars_1, lemuel_fruit_fields,
          grunt_megastairs_5
Lair:3:   layout_cave_shapes
Lair:4:   layout_roguey, guppyfry_snake_entry_island, eino_house_with_fridge,
          infiniplex_staircase_pool
Lair:5:   layout_loops_ring, slime_altar_2, enter_volcano_1,
          nzn_masters_of_martial_movement, uniq_urug
Lair:6:   cheibrodos_lair_end_hotspot, layout_cave_shapes, st_stairs_4
Shoals:1: layout_shoals, kb_tengu_band, uniq_josephine
Shoals:2: layout_shoals, uniq_polyphemus, uniq_aizul
Shoals:3: layout_shoals
Shoals:4: shoals_end_grunt_ice, layout_shoals,
          nicolae_shoals_siren_and_animal_friends
Snake:1:  layout_chambers, special_room, serial_shops, shop_fountains
Snake:2:  layout_honeycomb, minmay_shop_enchanted_jewellery
Snake:3:  layout_chambers, nicolae_snake_squiggles, grunt_megastairs_2,
          uniq_agnes
Snake:4:  grunt_snake_rune_pools, layout_cave_pods, nicolae_snake_linked_coils,
          amcnicky_altar_lugonu_corruption
Orc:1:    layout_diamond_mine
Orc:2:    st_orc_ogre_mass, layout_diamond_mine, serial_shops,
          nicolae_shop_waterfront, minmay_orc_keep

Skill      XL: |  1  2  3  4  5  6  7  8  9 10 11 12 13 14 15 16 17 18 19 |
---------------+----------------------------------------------------------+-----
Maces & Flails | 3 4 5 6 7 8 10 12 13 14 17 18 | 18.0
Shields        | 1 2 3 4 6 7 9 |  9.0
Fighting       | 15 16 20 | 20.0
Spellcasting   | 3 7 11 | 11.0
Transmutations | 2 3 5 9 10 | 10.0
Poison Magic   | 2 3 |  3.0
Dodging        | 3 9 |  9.0
Earth Magic    | 4 8 10 | 10.0
Evocations     | 1 5 |  5.0

Action                   |  1- 3 |  4- 6 |  7- 9 | 10-12 | 13-15 | 16-18 | 19-21 || total
-------------------------+-------+-------+-------+-------+-------+-------+-------++-------
Melee: Mace              |   115 |    28 |       |       |       |       |       ||   143
       Morningstar       |       |   138 |   274 |   923 |   107 |       |       ||  1442
       Kick              |       |       |       |   118 |   314 |   328 |    22 ||   782
       Giant spiked club |       |       |       |       |   823 |  1042 |   155 ||  2020
       Headbutt          |       |       |       |       |       |    45 |       ||    45
Throw: Large rock        |       |       |       |    16 |    13 |    35 |       ||    64
 Cast: Ignite Poison     |       |       |       |       |     2 |     2 |     1 ||     5
       Blink             |       |       |       |       |     2 |     9 |       ||    11
       Statue Form       |       |       |       |       |       |    44 |    12 ||    56
Evoke: Condenser vane    |       |     1 |     1 |     1 |     3 |     3 |     1 ||    10
       Wand              |       |       |    14 |     7 |    11 |    13 |       ||    45
  Use: Scroll            |       |     5 |     8 |     8 |    22 |     5 |     4 ||    52
       Potion            |       |       |     8 |     6 |    13 |    13 |     1 ||    41
 Stab: Sleeping          |     1 |       |     1 |     4 |     1 |     1 |       ||     8
       Confused          |       |       |       |     4 |     3 |     1 |     3 ||    11
       Paralysed         |       |       |       |     6 |       |       |       ||     6
       Invisible         |       |       |       |     1 |       |     3 |     2 ||     6
       Distracted        |       |       |       |       |     1 |     4 |       ||     5
       Fleeing           |       |       |       |       |     1 |       |       ||     1
       Petrifying        |       |       |       |       |     1 |       |       ||     1
Armor: Robe              |    60 |    89 |    67 |    30 |       |       |       ||   246
       Skin              |       |       |     8 |       |    29 |   561 |   247 ||   845
       Troll leather arm |       |       |       |   148 |   292 |   115 |     3 ||   558
Dodge: Dodged            |    66 |    80 |    84 |   294 |   683 |  1384 |   272 ||  2863
Block: Kite shield       |       |    90 |   182 |   537 |    74 |       |       ||   883
